 Dungeon Crawl Stone Soup version 0.19.0-24-gb05acd6 (webtiles) character file.

49 ChaseSP the Changer (level 3, 0/17 HPs)
             Began as a Vine Stalker Transmuter on Nov 22, 2016.
             Succumbed to an adder's poison
             ... on level 2 of the Dungeon.
             The game lasted 00:02:35 (1226 turns).

ChaseSP the Changer (Vine Stalker Transmuter)       Turns: 1226, Time: 00:02:36

Health: 0/17       AC:  5    Str: 13    XL:     3   Next: 75%
Magic:  4/7        EV: 11    Int: 13    God:
Gold:   39         SH:  0    Dex: 14    Spells: 3 memorised, 0 levels left

rFire  . . .     SeeInvis .       - Unarmed
rCold  . . .     Gourm    +     k - +0 ring mail
rNeg   . . .     Faith    .     (no shield)
rPois  .         Spirit   +     (no helmet)
rElec  .         Reflect  .     (no cloak)
rCorr  .         Harm     .     (no gloves)
MR     .....                    (no boots)
Stlth  +.........               j - amulet of the gourmand
                                (no ring)
                                (no ring)

@: lethally poisoned (0 -> -2)
A: fangs 2, magic shield, antimagic bite, no device heal 3, rot immunity
a: no special abilities


You were on level 2 of the Dungeon.
You were not hungry.

You visited 1 branch of the dungeon, and saw 2 of its levels.

You collected 39 gold pieces.

Inventory:

Missiles
 a - 53 arrows
Armour
 b - a +0 robe
 k - a +0 ring mail (worn)
Jewellery
 j - an amulet of the gourmand (around neck)
Scrolls
 e - 2 scrolls of identify {unknown}
 g - 2 scrolls of remove curse {unknown}
 i - a scroll of immolation {unknown}
Potions
 f - a potion of curing {unknown}
 h - a potion of heal wounds {unknown}
Books
 c - a book of Changes

   Spells                             Type                      Level
   a - Beastly Appendage              Transmutation                1
   b - Sticks to Snakes               Transmutation                2
   c - Spider Form                    Transmutation/Poison         3
   d - Ice Form                       Ice/Transmutation            4
   e - Blade Hands                    Transmutation                5
Comestibles
 d - 2 bread rations
 l - 2 beef jerkies


   Skills:
 - Level 0.8 Fighting
 - Level 1.5 Dodging
 - Level 3.0 Unarmed Combat
 - Level 2.1 Spellcasting
 * Level 3.7 Transmutations
 * Level 1.0 Poison Magic


You couldn't memorise any spells.
You knew the following spells:

 Your Spells              Type           Power        Failure   Level  Hunger
a - Beastly Appendage     Tmut           ##....       14%         1    ##.....
b - Sticks to Snakes      Tmut           ##......     21%         2    ###....
c - Spider Form           Tmut/Pois      #.........   75%         3    ####...


Dungeon Overview and Level Annotations

Branches:
Dungeon (2/15)

Altars:


Innate Abilities, Weirdness & Mutations

You have extremely sharp teeth.
When hurt, damage is shared between your health and your magic reserves.
Your bite disrupts and absorbs the magic of your enemies.
Potions and wands cannot restore your health.
You are immune to rotting.


Message History

You closely miss the kobold. Your bite misses the kobold.
* * * LOW HITPOINT WARNING * * *
You feel sick. The kobold misses you.
You hit the kobold. Your bite misses the kobold.
The kobold is heavily wounded.
The kobold hits you but does no damage.
You hit the kobold.
You kill the kobold!
Your Poison Magic skill increases to level 1!
There is a lethal amount of poison in your body!
* * * LOW HITPOINT WARNING * * *
You feel sick.
* * * LOW HITPOINT WARNING * * *
You feel sick.
Your horns disappear.
* * * LOW HITPOINT WARNING * * *
You feel sick.
* * * LOW HITPOINT WARNING * * *
You feel sick.
You die...

#.#.###..# ...
#+#.#....#+##.####
..#####.........
...#####.........
...#.............
#####.....รท...###.
#.......###
#.......########
#.........@)...#
#......#####...#
#......# #...+
#......# #...#
######## #...#
#...# #...# #...#
#...#


There were no monsters in sight!

Vanquished Creatures
  An adder (D:2)
  An ooze (D:1)
  2 leopard geckos (D:1)
  2 giant cockroaches (D:1)
  5 goblins (D:1)
  2 hobgoblins (D:1)
  4 jackals (D:1)
  A quokka (D:2)
  3 bats
  3 frilled lizards (D:1)
  4 kobolds
  4 rats (D:1)
32 creatures vanquished.

Notes
Turn   | Place    | Note
-------+----------+-------------------------------------------
     0 | D:1      | ChaseSP the Vine Stalker Transmuter began the quest for the Orb.
     0 | D:1      | Reached XP level 1. HP: 9/9 MP: 4/4
   305 | D:1      | Reached XP level 2. HP: 14/14 MP: 4/6
   465 | D:1      | Reached XP level 3. HP: 2/17 MP: 2/7
   469 | D:1      | Learned a level 2 spell: Sticks to Snakes
   473 | D:1      | Learned a level 3 spell: Spider Form
  1212 | D:2      | Reached skill level 1 in Poison Magic
  1226 | D:2      | Succumbed to an adder's poison

Skill      XL: |  1  2  3 |
---------------+----------+-----
Transmutations | 3 |  3.7
Poison Magic   | 1 |  1.0
Fighting       | |  0.8
Dodging        | |  1.5
Unarmed Combat | |  3.0
Spellcasting   | |  2.1

Action                   || total
-------------------------++-------
Melee: Unarmed           ||   123
       Bite              ||    19
       Headbutt          ||     4
       Kick              ||     9
       Punch             ||     1
 Cast: Beastly Appendage ||     8
 Stab: Sleeping          ||     1
  Eat: Chunk             ||     3
Armor: Robe              ||    29
       Ring mail         ||    14
Dodge: Dodged            ||   102
